 Dungeon Crawl Stone Soup version 0.31-a0-150-g89dc3ad700 (webtiles) character file.

Game seed: 7290965218421590422

27152 freelancePsychic the Fighter (level 13, -1/106 HPs)
             Began as a Demonspawn Artificer on June 5, 2023.
             Was a High Priest of Cheibriados.
             Engulfed by a cloud of freezing vapour (38 damage)
             ... in a Gauntlet on June 8, 2023.
             The game lasted 00:35:06 (14909 turns).

freelancePsychic the Fighter (DsAr)                Turns: 14909, Time: 00:35:06

Health: -1/106     AC: 11    Str: 33    XL:     13   Next: 2%
Magic:  16/23      EV: 15    Int: 29    God:    Cheibriados [*****.]
Gold:   317        SH:  0    Dex: 27    Spells: 11/26 levels left

rFire   . . .        f - staff of poison
rCold   . . .        (no shield)
rNeg    . . .        F - +1 steam dragon scales
rPois   +            D - +1 hat
rElec   .            z - +0 cloak
rCorr   .            u - +2 pair of gloves "Ecidithri" {Str+3}
SInv    .            (no boots)
Will    .....        (no amulet)
Stlth   ++           n - +6 ring of strength
HPRegen 0.37/turn    (no ring)
MPRegen 0.18/turn

%: no teleportation
@: invisible, very slow
A: hooves 2, repulsion field 1, powered by death 2, spiny 2
a: Renounce Religion, Bend Time, Temporal Distortion, Slouch, Step From Time


You were in a Gauntlet.
You worshipped Cheibriados.
Cheibriados was extremely pleased with you.
You visited 3 branches of the dungeon, and saw 14 of its levels.
You also visited: Sewer, Bailey, Gauntlet and Ice Cave.

You collected 681 gold pieces.
You spent 364 gold pieces at shops.

Inventory:

Armour
 b - a +0 leather armour
 u - the +2 pair of gloves "Ecidithri" (worn) {Str+3}
   (You found it on level 2 of the Dungeon)

   Str:       It affects your strength (+3).
 z - a +0 cloak (worn)
 D - a +1 hat (worn)
 E - +0 fire dragon scales
 F - +1 steam dragon scales (worn)
 I - a +4 ring mail of willpower
 J - a +0 kite shield
Magical Staves
 f - a staff of poison (weapon)
 k - a staff of fire
Jewellery
 j - an amulet of faith
 n - a +6 ring of strength (left hand)
 N - the ring "Akeguap" {Contam rC- EV+5 Dex+9 SInv}
   (You found it in a Gauntlet)

   [ring of evasion]

   EV:        It affects your evasion (+5).
   Dex:       It affects your dexterity (+9).
   rC:        It makes you vulnerable to cold.
   SInv:      It lets you see invisible.
   Contam:    It causes magical contamination when unequipped.
Wands
 c - a wand of flame (38)
 d - a wand of charming (6)
 y - a wand of paralysis (38)
 G - a wand of iceblast (14)
 L - a wand of acid (5)
Scrolls
 a - a scroll of amnesia
 i - 2 scrolls of poison
 l - a scroll of immolation
 m - 4 scrolls of teleportation {@r4}
 o - a scroll of enchant armour
 A - a scroll of fog
Potions
 e - 2 potions of mutation
 g - a potion of magic
 h - a potion of lignification {unknown}
 p - 2 potions of degeneration
 r - a potion of brilliance
 s - 3 potions of resistance
 t - a potion of ambrosia
 v - 2 potions of curing {@q1}
 w - a potion of attraction
 x - 3 potions of enlightenment
 B - 2 potions of berserk rage
 C - a potion of cancellation {unknown}
 H - a potion of heal wounds {@q2}
 K - 2 potions of might {unknown}


   Skills:
 + Level 11.4 Fighting
 - Level 5.4 Staves
 - Level 1.7 Armour
 - Level 2.2 Dodging
 - Level 0.8 Stealth
 - Level 7.0 Spellcasting
 - Level 5.5 Conjurations
 + Level 5.0 Transmutations
 - Level 4.5 Ice Magic
 + Level 11.2 Air Magic
 - Level 5.3 Poison Magic
 - Level 3.0 Evocations


You had 11 spell levels left.
You knew the following spells:

 Your Spells              Type           Power      Damage    Failure   Level
a - Mephitic Cloud        Conj/Pois/Air  68%        N/A       1%          3
b - Freezing Cloud        Conj/Ice/Air   25%        6-21      8%          5
c - Storm Form            Tmut/Air       27%        N/A       83%         7

Your spell library contained the following spells:

 Spells                   Type           Power      Damage    Failure   Level
 Beastly Appendage        Tmut           78%        N/A       1%          1
 Magic Dart               Conj           100%       1d8       1%          1
 Cigotuvi's Dreadful Rot  Necr/Pois/Air  100%       N/A       1%          2
 Wereblood                Tmut           39%        N/A       1%          2
 Spider Form              Tmut/Pois      57%        N/A       1%          3
 Swiftness                Air            66%        N/A       1%          3
 Passwall                 Tmut/Erth      20%        N/A       2%          2
 Ozocubu's Armour         Ice            36%        N/A       2%          3
 Ensorcelled Hibernation  Hex/Ice        46%        N/A       3%          2
 Ignite Poison            Fire/Tmut/Pois 45%        N/A       3%          3
 Sandblast                Erth           20%        2d7       4%          1
 Stone Arrow              Conj/Erth      52%        3d10      4%          3
 Call Imp                 Summ           20%        N/A       8%          2
 Dispel Undead            Necr           10%        3d9       45%         4
 Metabolic Englaciation   Hex/Ice        11%        N/A       50%         5
 Simulacrum               Ice/Necr       11%        N/A       97%         6
 Maxwell's Capacitive Co  Air            33%        ∞         97%         8
 Death Channel            Necr           5%         N/A       100%        6


Dungeon Overview and Level Annotations

Branches:
Dungeon (10/15)            Temple (1/1) D:7            Lair (3/5) D:8
 Shoals (0/4) Lair:2       Spider (0/4) Lair:2          Orc (0/2) D:10
  Sewer (visited)          Bailey (visited)           IceCv (visited)
Gauntlet (1/1)

Altars:
Ashenzari
Cheibriados
Dithmenos
Fedhas
Gozag
Hepliaklqana
Kikubaaqudgha
Makhleb
Nemelex Xobeh
Okawaru
Qazlal
Ru
Sif Muna
Trog
Uskayaw
Vehumet
Wu Jian
Xom
Yredelemnul

Shops:
D:5 (   D:7 (:=[[   D:9 ==*

Annotations:
D:5 Sigmund Gauntlet 8 transporters


Innate Abilities, Weirdness & Mutations

You have hoof-like feet.
You are surrounded by a mild repulsion field. (EV +2)
You regenerate health from kills.
You are mostly covered in sharp spines.


Message History

Partly explored, unvisited transporter.
Partly explored, unvisited transporter.
There is a transporter here.
Unknown command.
Casting: Freezing Cloud (dangerous; 8% risk of failure)
Confirm with . or Enter, or press ? or * to list all spells.
Okay, then.
You enter the transporter and appear at another place.
A minotaur comes into view.
It is wielding the +2 flail of Hepliaklqana's Grace {elec, rPois Stlth+}.
Unknown command.
You fade into invisibility!
Found an Everburning Encyclopedia.
Found a gate leading back out of this place.
You barely miss the minotaur.
The minotaur bellows!
You kick the minotaur, but do no damage.
The minotaur hits you with the +2 flail of Hepliaklqana's Grace {elec, rPois Stlth+}!
The minotaur barely misses you.
Casting: Freezing Cloud (dangerous; 8% risk of failure)
Confirm with . or Enter, or press ? or * to list all spells.
Aiming: Freezing Cloud (dangerous; 8% risk of failure)
Press: ? - help, Dir - move target That beam is likely to hit you.
Continue anyway?
The minotaur is engulfed in freezing vapours.
The minotaur hits you with the +2 flail of Hepliaklqana's Grace {elec, rPois Stlth+}!
The minotaur barely misses you.
The minotaur is engulfed in freezing vapours. x2
The minotaur is engulfed in freezing vapours.
You flicker for a moment.
You flicker back into view.
You fade into invisibility!
The minotaur drinks a potion.
The minotaur flickers and vanishes!
Deactivating autopickup; reactivate with Ctrl-A.
Casting: Freezing Cloud (dangerous; 8% risk of failure)
Confirm with . or Enter, or press ? or * to list all spells.
Aiming: Freezing Cloud (dangerous; 8% risk of failure)
Press: ? - help, Dir - move target That beam is likely to hit you.
Continue anyway?
A javelin appears from out of thin air!
The javelin pierces through you!!
You die...

#####...## ......♣.≈##
#####.P.≈≈# # #
....#...≈##...####
.#..#...###.♣.##.# #
###.#.♣..##......##.# ..
©#.©#.....#.♣.##....##.#
#..†#..P♣.#...##.# .§.
....#.....#.©...@##§#
....#.....#...##§§§§#
#####.....#.©.##.##§######
.......∩..#......##.{§..∩#
#####.....#.©.##....###
zzzz#.....#...##.##....#
###z#...P.#.©....# .##....
.z#z#...♣.#...##.. .# ##.
©.#©#.....#.♣.##.# ..


There were no monsters in sight!

Vanquished Creatures
  A fire dragon (D:10)
  A hydra (Lair:2)
  2 boulder beetles (Lair:2)
  A two-headed ogre (D:10)
  7 death yaks
  A tengu warrior (Gauntlet)
  A death drake (Gauntlet)
  Pikel (D:5)
  A wolf spider zombie (Gauntlet)
  3 black mambas (Lair:1)
  A torpor snail (Lair:1)
  3 merfolk sirens (Lair:2)
  2 gargoyles
  Maggie (D:6)
  An unseen horror (D:10)
  5 cane toads
  Psyche (D:8)
  3 rime drakes (Lair:1)
  5 komodo dragons
  A tengu conjurer (Gauntlet)
  2 polar bears
  A troll (D:10)
  A merfolk (Lair:2)
  Prince Ribbit (D:7)
  5 blink frogs (Lair:2)
  A hornet (D:4)
  A meliai zombie (Gauntlet)
  2 shadows
  A vampire (Bailey)
  14 yaks
  2 basilisks (Lair:2)
  3 wyverns
  Menkaure (D:4)
  2 swamp worms (Gauntlet)
  4 water moccasins
  An acid dragon (D:10)
  2 orc warriors
  3 sky beasts
  2 black bears
  An ice beast (D:6)
  An ogre (D:6)
  A wolf (Lair:1)
  2 centaurs
  A lemure (D:5)
  2 kobold brigands
  10 bullfrogs
  2 gnoll sergeants
  6 scorpions
  3 wights (D:5)
  4 killer bees (D:10)
  A howler monkey (D:10)
  2 electric eels
  5 wolf zombies (Bailey)
  8 vampire bats (Bailey)
  A bullfrog zombie (D:5)
  2 centaur zombies (D:5)
  A hound (D:4)
  A human zombie (D:5)
  2 orc priests
  A gnoll bouda (D:7)
  2 jellies
  7 iguanas
  Jessica (D:3)
  A sleepcap (D:4)
  Ijyb (D:5)
  A malarious merfolk avatar (Sewer)
  3 orc wizards
  A sickly merfolk siren (Sewer)
  A hound zombie (D:5)
  A mummy (D:5)
  2 howler monkey zombies (D:5)
  16 gnolls
  3 river rats
  8 adders
  3 ufetubi
  An adder zombie (D:5)
  4 dart slugs
  5 worms
  21 orcs
  13 ball pythons
  10 endoplasms
  14 giant cockroaches
  12 goblins
  14 hobgoblins
  2 jackals (D:2)
  5 quokkas
  3 bats (D:1)
  7 frilled lizards
  26 kobolds
  23 orc zombies (Bailey)
  31 rats
390 creatures vanquished.

Vanquished Creatures (collateral kills)
  A gnoll (D:4)
  An orc zombie (Bailey)
2 creatures vanquished.

Vanquished Creatures (others)
  A wizard (D:6)
  An acid dragon (D:9)
  A kobold brigand (D:9)
3 creatures vanquished.

Grand Total: 395 creatures vanquished

Notes
Turn   | Place    | Note
-------+----------+-------------------------------------------
     0 | D:1      | freelancePsychic the Demonspawn Artificer began the quest
                  | for the Orb.
     0 | D:1      | Reached XP level 1. HP: 15/15 MP: 1/1
   171 | D:1      | Gained mutation: You have large cloven feet. [demonic
                  | ancestry]
   171 | D:1      | Reached XP level 2. HP: 13/21 MP: 2/2
   293 | D:1      | Reached skill level 1 in Staves
   671 | D:1      | Gained mutation: You have hoof-like feet. [demonic
                  | ancestry]
   671 | D:1      | Reached XP level 3. HP: 26/27 MP: 3/3
  1333 | D:2      | Gained mutation: You are partially covered in sharp spines.
                  | [demonic ancestry]
  1333 | D:2      | Reached XP level 4. HP: 33/34 MP: 4/4
  1541 | D:2      | Identified the +2 pair of gloves "Ecidithri" {Str+3}
  1909 | D:3      | Reached skill level 1 in Poison Magic
  1914 | D:3      | Found a hide-covered altar of Uskayaw.
  1915 | D:3      | Noticed Jessica
  1947 | D:3      | Killed Jessica
  2030 | D:3      | Found a shadowy altar of Dithmenos.
  2059 | D:3      | Found a glowing drain.
  2067 | D:3      | Reached XP level 5. HP: 34/41 MP: 5/5
  2074 | Sewer    | Entered a sewer
  2724 | D:3      | Gained mutation: You are mostly covered in sharp spines.
                  | [demonic ancestry]
  2724 | D:3      | Reached XP level 6. HP: 47/47 MP: 6/6
  3467 | D:4      | Noticed a hornet
  3475 | D:4      | Found a shimmering altar of Xom.
  3512 | D:4      | Gained mutation: You regenerate a little health from kills.
                  | [demonic ancestry]
  3512 | D:4      | Reached XP level 7. HP: 38/54 MP: 7/7
  3578 | D:4      | Found an opulent altar of Gozag.
  3578 | D:4      | Noticed Menkaure
  3638 | D:4      | Killed a hornet
  3639 | D:4      | Reached skill level 5 in Staves
  3661 | D:4      | Killed Menkaure
  3973 | D:4      | Found a shimmering blue altar of Sif Muna.
  4223 | D:4      | Upgraded the game from 0.31-a0-145-g046c7d2549 to
                  | 0.31-a0-150-g89dc3ad700
  4276 | D:5      | Entered Level 5 of the Dungeon
  4281 | D:5      | Learned a level 3 spell: Mephitic Cloud
  4472 | D:5      | Noticed Sigmund
  4582 | D:5      | Noticed Pikel
  4612 | D:5      | Killed Pikel
  4613 | D:5      | Reached skill level 5 in Fighting
  4613 | D:5      | Reached XP level 8. HP: 51/63 MP: 8/8
  4934 | D:5      | Reached skill level 5 in Poison Magic
  5101 | D:5      | Found an ancient bone altar of Kikubaaqudgha.
  5246 | D:5      | Noticed Ijyb
  5294 | D:5      | Killed Ijyb
  5423 | D:5      | Found Qutix's Antique Weapon Emporium.
  5627 | D:6      | Noticed Maggie
  5641 | D:6      | Gained mutation: You regenerate health from kills. [demonic
                  | ancestry]
  5641 | D:6      | Reached XP level 9. HP: 61/69 MP: 9/9
  5708 | D:6      | Reached skill level 1 in Spellcasting
  5832 | D:6      | Killed Maggie
  6223 | D:6      | Found an ornate altar of the Wu Jian Council.
  6224 | D:6      | Found a bloodstained altar of Trog.
  6227 | D:6      | Noticed a wizard
  6233 | D:6      | Killed a wizard
  6422 | D:7      | Found Kegoe's Book Shoppe.
  6462 | D:7      | Found Onued's Antique Weapon Shoppe.
  6490 | D:7      | Reached skill level 5 in Conjurations
  6505 | D:7      | Found a broken altar of Ashenzari.
  6678 | D:7      | Found Gutsygek's Jewellery Boutique.
  6699 | D:7      | Found Zukiemoho's Armour Shoppe.
  6715 | D:7      | Found Keuxtydgh's Armour Emporium.
  6744 | D:7      | Noticed Prince Ribbit
  6755 | D:7      | Killed Prince Ribbit
  6909 | D:7      | Found a staircase to the Ecumenical Temple.
  7031 | Temple   | Entered the Ecumenical Temple
  7198 | Temple   | Became a worshipper of Cheibriados the Contemplative
  7269 | D:8      | Found a sparkling altar of Nemelex Xobeh.
  7300 | D:8      | Noticed Psyche
  7304 | D:8      | Killed Psyche
  7341 | D:8      | Found a radiant altar of Vehumet.
  7364 | D:8      | Reached skill level 5 in Air Magic
  7481 | D:8      | Identified the +5 chain mail of Shadows and Fog {-Cast +Inv
                  | rPois Dex+6}
  7509 | D:8      | Reached XP level 10. HP: 69/79 MP: 15/15
  7569 | D:8      | Noticed a death yak
  7570 | D:8      | Found a staircase to the Lair.
  7570 | D:8      | Noticed a death yak
  7570 | D:8      | Noticed a death yak
  7572 | D:8      | Noticed a death yak
  7574 | D:8      | Noticed a death yak
  7575 | D:8      | Noticed a death yak
  7586 | D:8      | Killed a death yak
  7589 | D:8      | Killed a death yak
  7593 | D:8      | Killed a death yak
  7597 | D:8      | Killed a death yak
  7598 | D:8      | Reached skill level 5 in Spellcasting
  7599 | D:8      | Killed a death yak
  7637 | D:8      | Killed a death yak
  7645 | D:8      | Reached * piety under Cheibriados
  7926 | D:8      | Found a basalt altar of Yredelemnul.
  8000 | D:8      | Reached XP level 11. HP: 89/89 MP: 16/20
  8227 | D:7      | Bought a Trismegistus Codex for 364 gold pieces
  8233 | D:7      | Learned a level 5 spell: Freezing Cloud
  8263 | D:9      | Found Domegana's Lightly-Used Armoury.
  8780 | D:9      | Found Homacsur's Jewellery Shoppe.
  8781 | D:9      | Found Uwoine's Jewellery Boutique.
  9094 | D:9      | Reached skill level 1 in Ice Magic
  9268 | D:10     | Entered Level 10 of the Dungeon
  9297 | D:10     | Reached ** piety under Cheibriados
  9337 | D:10     | Found a flagged portal.
  9347 | Bailey   | Entered a bailey
  9496 | Bailey   | Reached *** piety under Cheibriados
  9897 | D:10     | Noticed a two-headed ogre
  9909 | D:10     | Found a staircase to the Orcish Mines.
  9913 | D:10     | Killed a two-headed ogre
 10019 | D:10     | Reached **** piety under Cheibriados
 10171 | D:10     | Noticed a fire dragon
 10586 | D:10     | Killed a fire dragon
 10587 | D:10     | Reached skill level 10 in Fighting
 10884 | Lair:1   | Entered Level 1 of the Lair of Beasts
 11053 | Lair:1   | Found a frozen archway.
 11068 | Lair:1   | Reached skill level 1 in Transmutations
 11107 | IceCv    | Entered an ice cave
 11655 | Lair:1   | Reached XP level 12. HP: 52/97 MP: 7/22
 12020 | Lair:1   | Noticed a death yak
 12033 | Lair:1   | Killed a death yak
 12037 | Lair:1   | Noticed a dire elephant
 12344 | Lair:1   | Reached ***** piety under Cheibriados
 12467 | Lair:1   | Noticed a dire elephant
 12467 | Lair:1   | Noticed a dire elephant
 12751 | Lair:2   | Noticed a five-headed hydra
 12758 | Lair:2   | Killed a five-headed hydra
 12759 | Lair:2   | Reached skill level 10 in Air Magic
 12952 | Lair:2   | Noticed a boulder beetle
 12953 | Lair:2   | Noticed a boulder beetle
 12978 | Lair:2   | Killed a boulder beetle
 12993 | Lair:2   | Killed a boulder beetle
 13087 | Lair:2   | Found a hole to the Spider Nest.
 13497 | Lair:2   | Found a staircase to the Shoals.
 14198 | Lair:3   | Found a gate leading to a gauntlet.
 14217 | Lair:3   | Learned a level 7 spell: Storm Form
 14219 | Gauntlet | Entered a Gauntlet
 14219 | Gauntlet | Noticed a tengu warrior
 14219 | Gauntlet | Found a transporter.
 14229 | Gauntlet | Found a transporter.
 14231 | Gauntlet | Found a transporter.
 14239 | Gauntlet | Found a runed translucent gate.
 14239 | Gauntlet | Found a runed translucent gate.
 14239 | Gauntlet | Found a runed translucent gate.
 14242 | Gauntlet | Found a transporter.
 14245 | Gauntlet | Found a transporter.
 14248 | Gauntlet | Noticed a death scarab
 14250 | Gauntlet | Noticed a death scarab
 14258 | Gauntlet | Found a transporter.
 14273 | Gauntlet | Found a transporter.
 14284 | Gauntlet | Found a transporter.
 14293 | Gauntlet | Noticed a green death
 14296 | Gauntlet | Found a transporter.
 14310 | Gauntlet | Found a transporter.
 14310 | Gauntlet | Found a transporter.
 14324 | Gauntlet | Found a transporter.
 14336 | Gauntlet | Found a transporter.
 14336 | Gauntlet | Found a transporter.
 14422 | Gauntlet | Killed a tengu warrior
 14423 | Gauntlet | Reached skill level 1 in Dodging
 14726 | Gauntlet | Identified the ring "Akeguap" {Contam rC- EV+5 Dex+9 SInv}
 14734 | Gauntlet | Gained mutation: You are surrounded by a mild repulsion
                  | field. (EV +2) [demonic ancestry]
 14734 | Gauntlet | Reached XP level 13. HP: 77/106 MP: 23/23
 14757 | Gauntlet | Reached skill level 5 in Transmutations
 14887 | Gauntlet | Identified the +2 flail of Hepliaklqana's Grace {elec,
                  | rPois Stlth+}
 14887 | Gauntlet | Noticed a minotaur
 14909 | Gauntlet | Engulfed by a cloud of freezing vapour

Illustrated notes

Levels and vault maps discovered:
D:1:      heliophobic_arrival_ceremonial_halls, layout_basic
D:2:      layout_loops_ring, basic_altar, minmay_quadrilaterals
D:3:      minmay_chambers_of_twos, layout_rooms,
          mainiacjoe_overflow_tiny_flanked, mainiacjoe_overflow_alcove_2,
          lemuel_coloured_pillars_altar, portal_sewer_entry_b, uniq_jessica
D:4:      layout_loops_ring, mainiacjoe_overflow_cross_hatched,
          kennysheep_mini_moat, lemuel_doored_altar, uniq_menkaure
D:5:      layout_loops_ring, lemuel_mausoleum_altar_kikubaaqudgha, serial_shops,
          nicolae_lakefront_shop, uniq_pikel, uniq_ijyb, uniq_sigmund
D:6:      layout_cave_pools, trog_wizard, kennysheep_little_box, st_stairs_1,
          uniq_maggie
D:7:      layout_rooms, elyvilon_altar_5, mainiacjoe_overflow_boulevard,
          minmay_temple_entry_ruins, serial_shops, shop, shop,
          nicolae_shop_peninsula, shop, shop, uniq_prince_ribbit1
D:8:      layout_loops_ring, mainiacjoe_overflow_concentric_impassable,
          mainiacjoe_overflow_brackets, mainiacjoe_overflow_six_doors_small,
          dpeg_lair_monsters, uniq_psyche
D:9:      layout_loops_cross, serial_park_tiny_1, nicolae_wooded_promenade,
          minmay_shop_damaged, reono_crystal_passage
D:10:     layout_stronghold, orc_0_dummy, enter_bailey_5, kennysheep_island_fort
Temple:   nicolae_temple_godpark
Lair:1:   layout_gridlike, portal_ice_cave_rime, nicolae_lair_lakeside_cave,
          grunt_megastairs_5
Lair:2:   layout_cave_pods, elwin_shoals_entry_stream,
          nicolae_spider_entry_non_spiders
Lair:3:   layout_concentric_octagons, gauntlet_entry_generic,
          hellmonk_guarded_unrand_seven_league_boots
Gauntlet: minmay_gauntlet_77_tree [minmay_gauntlet_arena_77_fan,
          minmay_gauntlet_arena_77_broken_ladder,
          minmay_gauntlet_arena_77_run_for_it,
          minmay_gauntlet_arena_77_terracotta_army,
          minmay_gauntlet_arena_77_box, minmay_gauntlet_arena_77_double_cross,
          minmay_gauntlet_arena_77_chump_sandwich, gauntlet_exit_green]

Skill      XL: |  1  2  3  4  5  6  7  8  9 10 11 12 13 |
---------------+----------------------------------------+-----
Fighting       | 2 3 4 5 6 7 9 10 11 | 11.4
Staves         | 1 2 3 4 5 |  5.4
Poison Magic   | 1 2 3 4 5 |  5.3
Conjurations   | 2 3 5 |  5.5
Air Magic      | 2 3 5 7 9 11 | 11.2
Spellcasting   | 3 6 7 |  7.0
Ice Magic      | 3 4 |  4.5
Transmutations | 1 4 5 |  5.0
Dodging        | 1 2 |  2.2
Armour         | |  1.7
Stealth        | |  0.8
Evocations     | |  3.0

Action                     |  1- 3 |  4- 6 |  7- 9 | 10-12 | 13-15 || total
---------------------------+-------+-------+-------+-------+-------++-------
  Melee: Staff             |   167 |   187 |   260 |   362 |     4 ||   980
         Kick              |    41 |    47 |   103 |   185 |     4 ||   380
         Punch             |     1 |     1 |     1 |     9 |       ||    12
   Cast: Mephitic Cloud    |       |       |    13 |    37 |     1 ||    51
         Freezing Cloud    |       |       |       |    35 |     3 ||    38
  Evoke: Wand              |     4 |     3 |    15 |    19 |       ||    41
    Use: Scroll            |       |     5 |     8 |    15 |     1 ||    29
         Potion            |       |       |       |     9 |     2 ||    11
   Stab: Sleeping          |     1 |     3 |     1 |     2 |       ||     7
         Paralysed         |       |       |    12 |    12 |       ||    24
         Distracted        |       |       |     2 |     1 |       ||     3
         Confused          |       |       |     6 |    22 |       ||    28
 Armour: Leather armour    |    50 |    44 |    36 |       |       ||   130
         Steam dragon scal |       |       |     9 |   171 |       ||   180
  Dodge: Dodged            |    97 |    78 |   108 |   246 |     4 ||   533

Table legend: (Time is in decaauts)
 A = Elapsed time spent in this place.
 B = Non-inter-level travel time spent in this place.
 C = Inter-level travel time spent in this place.
 D = Time resting spent in this place.
 E = Time spent auto-exploring this place.
 F = Levels seen in this place.
 G = Mean time per level.
                   A        B        C        D        E       F      G
               +--------+--------+--------+--------+--------+-----+--------+
         Total |  17704 |  17065 |    639 |    284 |  13480 |  18 |  983.6 |
       Dungeon |  10726 |  10197 |    529 |     23 |   8118 |  10 | 1072.6 |
        Temple |    198 |    180 |     18 |      0 |    134 |   1 |  198.0 |
          Lair |   4650 |   4558 |     92 |     37 |   4035 |   3 | 1550.0 |
         Sewer |    556 |    556 |      0 |      0 |    346 |   1 |  556.0 |
        Bailey |    617 |    617 |      0 |      0 |    342 |   1 |  617.0 |
      Ice Cave |     53 |     53 |      0 |      0 |     35 |   1 |   53.0 |
      Gauntlet |    900 |    900 |      0 |    224 |    466 |   1 |  900.0 |
               +--------+--------+--------+--------+--------+-----+--------+

Top non-repeatable levels by time:
  Lair:2: 2323 daAuts
  Lair:1: 2299 daAuts
    D:10: 1618 daAuts
     D:8: 1366 daAuts
     D:4: 1340 daAuts
     D:5: 1311 daAuts
     D:9: 1098 daAuts
     D:1: 1035 daAuts
Gauntlet: 900 daAuts
     D:2: 837 daAuts
     D:6: 819 daAuts
     D:7: 717 daAuts
  Bailey: 617 daAuts
     D:3: 580 daAuts
   Sewer: 556 daAuts
